 Dungeon Crawl Stone Soup version 0.30.2 (webtiles) character file.

Game seed: 4082984561379577312

121 Curundu the Chopper (level 4, -3/41 HPs)
             Began as a Minotaur Berserker on Feb 14, 2024.
             Was a Believer of Trog.
             Killed by divine providence
             ... invoked by an orc priest
              (9 damage)
             ... on level 3 of the Dungeon on Feb 15, 2024.
             The game lasted 00:06:10 (1954 turns).

Curundu the Chopper (Minotaur Berserker)            Turns: 1954, Time: 00:06:11

Health: -3/41      AC:  2    Str: 23    XL:     4   Next: 77%
Magic:  3/3        EV: 12    Int:  4    God:    Trog [**....]
Gold:   122        SH:  0    Dex: 10    Spells: 3/3 levels left

rFire   . . .        a - +0 hand axe
rCold   . . .        (no shield)
rNeg    . . .        b - +0 animal skin
rPois   .            (helmet restricted)
rElec   .            (no cloak)
rCorr   .            (no gloves)
SInv    .            (no boots)
Will    ++...        (no amulet)
Stlth   +            (no ring)
HPRegen 1.26/turn    (no ring)
MPRegen 0.08/turn

%: no passive effects
@: strong-willed, on berserk cooldown, regenerating
A: horns 2, retaliatory headbutt
a: Renounce Religion, Berserk, Trog's Hand


You were on level 3 of the Dungeon.
You worshipped Trog.
Trog was pleased with you.
You visited 1 branch of the dungeon, and saw 5 of its levels.

You collected 122 gold pieces.

Inventory:

Hand Weapons
 a - a +0 hand axe (weapon)
Missiles
 l - 5 boomerangs (quivered)
Armour
 b - a +0 animal skin (worn)
Jewellery
 e - a ring of magical power
Scrolls
 d - a scroll of noise {unknown}
 f - 2 scrolls of teleportation {unknown}
 i - 2 scrolls of fog {unknown}
 j - 3 scrolls of enchant armour {unknown}
 n - a scroll of identify {unknown}
 q - a scroll of immolation {unknown}
 r - a scroll of brand weapon {unknown}
Potions
 c - 2 potions of heal wounds {unknown}
 g - a potion of flight {unknown}
 h - 3 potions of curing {unknown}
 k - a potion of invisibility {unknown}
 m - a potion of attraction {unknown}
 o - a potion of resistance {unknown}
 p - 2 potions of haste {unknown}


   Skills:
 + Level 4.7 Fighting
 + Level 5.4 Axes
 + Level 2.5 Armour
 + Level 2.8 Dodging
 + Level 0.3 Stealth


You had 3 spell levels left.
You didn't know any spells.
Your spell library was empty.

Dungeon Overview and Level Annotations

Branches:
Dungeon (5/15)
 Temple: D:4-7

Altars:

Shops:
D:1 :*((


Innate Abilities, Weirdness & Mutations

You have a pair of horns on your head.
You reflexively headbutt those who attack you in melee.


Message History

You closely miss the orc priest.
The orc priest hits you with a +0 hand axe!
* * * LOW HITPOINT WARNING * * *
The orc priest barely misses you.
The orc shouts!
You hit the orc priest but do no damage.
You hear a shout!
The orc priest hits you with a +0 hand axe.
* * * LOW HITPOINT WARNING * * *
You hear an angry hiss.
You hear a shout!
You barely miss the orc priest. Your headbutt misses the orc priest.
The orc priest misses you.
You hit the orc.
The orc is moderately wounded.
You closely miss the orc priest. The orc hits you with a +0 whip.
* * * LOW HITPOINT WARNING * * *
The orc priest barely misses you. You furiously retaliate!
You headbutt the orc priest, but do no damage.
You slash the orc!
You kill the orc!
Trog accepts your kill.
You hit the orc priest but do no damage.
The orc priest hits you but does no damage.
The orc priest hits you with a +0 hand axe.
* * * LOW HITPOINT WARNING * * *
You hit the orc priest.
You headbutt the orc priest, but do no damage.
The orc priest is moderately wounded.
The orc priest casts a cantrip, but nothing happens.
You hit the orc priest but do no damage.
The orc priest is moderately wounded.
You feel yourself speed up.
The orc priest hits you with a +0 hand axe.
* * * LOW HITPOINT WARNING * * *
The orc priest closely misses you.
You hit the orc priest.
The orc priest is severely wounded.
The orc priest mumbles some strange prayers to Beogh against you.
Beogh smites you!
You die...

# #.
#(#######.#
#.†.......#
####†.#
#.>)@o#
#.###)# ...
... ####
.....
.....#
..##... ..#
##. ..?


You could see an orc priest.

Vanquished Creatures
  4 adders
  An ufetubus (D:4)
  4 dart slugs
  5 orcs (D:3)
  3 endoplasms
  3 giant cockroaches (D:1)
  7 hobgoblins
  7 jackals
  4 quokkas
  3 ball pythons
  4 bats
  3 frilled lizards
  4 goblins
  9 kobolds
  3 rats
64 creatures vanquished.

Notes
Turn   | Place    | Note
-------+----------+-------------------------------------------
     0 | D:1      | Curundu the Minotaur Berserker began the quest for the Orb.
     0 | D:1      | Reached XP level 1. HP: 19/19 MP: 0/0
   139 | D:1      | Found Rucziag's Weapon Emporium.
   153 | D:1      | Reached XP level 2. HP: 19/27 MP: 1/1
   216 | D:1      | Reached skill level 4 in Axes
   356 | D:1      | Found Kecleu Wier's General Store.
   383 | D:1      | Found Nuprim's Antique Weapon Shoppe.
   468 | D:1      | Reached ** piety under Trog
   620 | D:1      | Reached XP level 3. HP: 30/33 MP: 2/2
   784 | D:1      | Found Fulapuf's Book Shoppe.
  1575 | D:2      | Reached XP level 4. HP: 38/41 MP: 3/3
  1675 | D:2      | Reached skill level 5 in Axes
  1876 | D:3      | You fall into a shaft and drop 2 floors!
  1876 | D:5      | Entered Level 5 of the Dungeon
  1922 | D:3      | HP: 2/61 [orc/+0 trident (8)]
  1954 | D:3      | Killed from afar by an orc priest

Illustrated notes

Levels and vault maps discovered:
D:1:      kennysheep_arrival_forest, layout_basic, serial_shops,
          nicolae_shop_pleasant_corner_grove, nicolae_shop_stone,
          nicolae_shop_just_a_little_nook, shop
D:2:      minmay_inner_zag, layout_basic, supply_closet_lemuel
D:3:      layout_rooms, uniq_robin
D:4:      layout_rooms
D:5:      layout_cave_pools, gammafunk_ghost_nasty_kobolds,
          uniq_crazy_yiuf_cottage

Skill      XL: |  1  2  3  4 |
---------------+-------------+-----
Fighting       | 4 |  4.7
Axes           | 4 5 |  5.4
Armour         | |  2.5
Dodging        | |  2.8
Stealth        | |  0.3

Action                     |  1- 3 |  4- 6 || total
---------------------------+-------+-------++-------
  Melee: Hand axe          |    77 |    42 ||   119
         Headbutt          |     6 |     7 ||    13
         Punch             |     1 |       ||     1
 Invoke: Berserk           |       |     1 ||     1
         Trog's Hand       |       |     1 ||     1
 Armour: Animal skin       |    17 |    10 ||    27
  Dodge: Dodged            |    71 |    26 ||    97
